2745 views
Uploaded 2019-12-30 16:33:58
Game version 1.32.0.4
51:24 long 3on3 ladder game on (6)TimbermawHold
Saved by BEARAND
2745 views
Uploaded 2019-12-30 16:33:58
Game version 1.32.0.4
51:24 long 3on3 ladder game on (6)TimbermawHold


97 units @ 10.8k
/ 1.1k
415 buildings @ 21.1k
/ 12.1k


| Healing Salve | 1 | 100 |
| Orb of Lightning | 1 | 375 |
| Boots of Speed | 2 | 500 |
| Staff of Teleportation | 2 | 300 |
| Staff of Sanctuary | 2 | 500 |
| total: | 8 | 1775g |
| Peon | 17 | 1275 | / | 0 |
| Troll Batrider | 16 | 2560 | / | 640 |
| total: | 33 | 3835g | / | 640w |
| Watch Tower | 6 | 660 | / | 480 |
| Altar of Storms | 1 | 180 | / | 50 |
| Orc Burrow | 4 | 640 | / | 160 |
| War Mill | 1 | 205 | / | 0 |
| Voodoo Lounge | 3 | 390 | / | 90 |
| Great Hall | 4 | 1540 | / | 740 |
| Beastiary | 4 | 580 | / | 560 |
| Stronghold | 1 | 315 | / | 190 |
| Fortress | 1 | 325 | / | 190 |
| total: | 23 | 4195g | / | 2080w |
| 0:03 | Peon |
| 0:03 | Peon |
| 0:05 | Altar of Storms |
| 0:19 | Orc Burrow |
| 0:23 | Peon |
| 0:35 | Peon |
| 0:50 | War Mill |
| 0:52 | Peon |
| 1:08 | Voodoo Lounge |
| 1:15 | Peon |
| 1:20 | Peon |
| 1:41 | Peon |
| 1:46 | Orc Burrow |
| 2:03 | Peon |
| 2:09 | Wind Walk |
| 2:15 | Healing Salve |
| 2:20 | Peon |
| 2:21 | Peon |
| 2:38 | Peon |
| 2:38 | Peon |
| 3:28 | Stronghold |
| 4:03 | Orc Burrow |
| 4:35 | Boots of Speed |
| 4:36 | Staff of Teleportation |
| 4:51 | Watch Tower |
| 5:43 | Voodoo Lounge |
| 5:45 | Voodoo Lounge |
| 6:38 | Fortress |
| 6:53 | Hex |
| 7:11 | Beastiary |
| 7:19 | Beastiary |
| 7:45 | Beastiary |
| 8:21 | Boots of Speed |
| 8:21 | Staff of Teleportation |
| 9:02 | Liquid Fire |
| 9:05 | Beastiary |
| 9:28 | Orc Burrow |
| 9:53 | Troll Batrider |
| 10:17 | Troll Batrider |
| 10:28 | Steel Ranged Weapons |
| 11:08 | Great Hall |
| 11:19 | Troll Batrider |
| 11:26 | Critical Strike |
| 12:35 | Healing Wave |
| 12:39 | Troll Batrider |
| 12:42 | Watch Tower |
| 13:08 | Troll Batrider |
| 13:22 | Watch Tower |
| 13:26 | Watch Tower |
| 14:03 | Troll Batrider |
| 14:05 | Troll Batrider |
| 14:21 | Peon |
| 14:21 | Peon |
| 14:21 | Peon |
| 14:21 | Peon |
| 14:33 | Watch Tower |
| 14:49 | Staff of Sanctuary |
| 15:15 | Orb of Lightning |
| 15:36 | Watch Tower |
| 16:59 | Critical Strike |
| 17:02 | Troll Batrider |
| 17:31 | Troll Batrider |
| 17:55 | Staff of Sanctuary |
| 18:05 | Troll Batrider |
| 19:55 | Healing Wave |
| 20:00 | Troll Batrider |
| 20:34 | Troll Batrider |
| 20:47 | Wind Walk |
| 21:03 | Troll Batrider |
| 24:58 | Great Hall |
| 27:13 | Hex |
| 27:35 | Hex |
| 28:30 | Hex |
| 28:58 | Hex |
| 39:07 | Wind Walk |
| 42:19 | Healing Wave |
| 43:56 | Great Hall |
| 44:38 | Great Hall |
| 45:47 | Bladestorm |
| 47:08 | Troll Batrider |
| 47:09 | Troll Batrider |
| 47:18 | Thorium Ranged Weapons |
| 47:18 | Steel Armor |
| 48:33 | Troll Batrider |
| 48:36 | Arcanite Ranged Weapons |
| Right click | 4924 |
| Select group | 997 |
| Select | 668 |
| Chat | 460 |
| Misc. action | 178 |
| Use ability | 133 |
| Build/train/purchase | 124 |
| Resource trade | 83 |
| Assign group | 23 |
| Item give/drop | 1 |
| Esc | 1 |
| Minimap ping | 1 |



x1)
| Staff of Sanctuary | 3 | 750 |
| Boots of Speed | 3 | 750 |
| Periapt of Vitality | 3 | 975 |
| Staff of Teleportation | 3 | 450 |
| Tome of Retraining | 1 | 300 |
| Circlet of Nobility | 1 | 175 |
| Healing Salve | 1 | 100 |
| Orb of Lightning | 3 | 1125 |
| total: | 18 | 4625g |
| Peasant | 20 | 1500 | / | 0 |
| Priest | 1 | 135 | / | 10 |
| Dragonhawk Rider | 5 | 1000 | / | 150 |
| total: | 26 | 2635g | / | 160w |
| Scout Tower | 210 | 6300 | / | 4200 |
| Arcane Tower | 7 | 490 | / | 350 |
| Guard Tower | 68 | 4760 | / | 3400 |
| Altar of Kings | 1 | 180 | / | 50 |
| Farm | 4 | 320 | / | 80 |
| Lumber Mill | 1 | 120 | / | 0 |
| Town Hall | 3 | 1155 | / | 615 |
| Arcane Vault | 3 | 390 | / | 90 |
| Blacksmith | 1 | 140 | / | 60 |
| Barracks | 1 | 160 | / | 60 |
| Arcane Sanctum | 1 | 150 | / | 140 |
| Gryphon Aviary | 1 | 140 | / | 150 |
| Keep | 1 | 320 | / | 210 |
| Castle | 1 | 360 | / | 210 |
| total: | 226 | 9055g | / | 5445w |
| 0:04 | Peasant |
| 0:04 | Peasant |
| 0:07 | Altar of Kings |
| 0:14 | Peasant |
| 0:16 | Farm |
| 0:40 | Peasant |
| 0:47 | Lumber Mill |
| 0:55 | Peasant |
| 1:04 | Peasant |
| 1:10 | Scout Tower |
| 1:13 | Peasant |
| 1:15 | Farm |
| 1:20 | Peasant |
| 1:27 | Scout Tower |
| 1:41 | Peasant |
| 1:43 | Arcane Tower |
| 1:47 | Peasant |
| 1:56 | Peasant |
| 2:03 | Farm |
| 2:05 | Guard Tower |
| 2:09 | Scout Tower |
| 2:12 | Summon Water Elemental |
| 2:22 | Peasant |
| 2:38 | Peasant |
| 2:38 | Peasant |
| 3:13 | Town Hall |
| 3:15 | Brilliance Aura |
| 3:22 | Scout Tower |
| 3:31 | Peasant |
| 3:31 | Peasant |
| 3:38 | Peasant |
| 3:48 | Scout Tower |
| 3:50 | Arcane Tower |
| 4:00 | Peasant |
| 4:07 | Scout Tower |
| 4:16 | Guard Tower |
| 4:42 | Guard Tower |
| 4:43 | Peasant |
| 4:46 | Scout Tower |
| 4:47 | Scout Tower |
| 4:48 | Scout Tower |
| 4:49 | Scout Tower |
| 4:50 | Scout Tower |
| 4:54 | Boots of Speed |
| 5:00 | Periapt of Vitality |
| 5:10 | Keep |
| 5:16 | Guard Tower |
| 5:19 | Guard Tower |
| 5:22 | Scout Tower |
| 5:23 | Scout Tower |
| 5:32 | Scout Tower |
| 5:32 | Scout Tower |
| 5:39 | Improved Masonry |
| 5:43 | Guard Tower |
| 5:47 | Scout Tower |
| 5:48 | Scout Tower |
| 5:51 | Scout Tower |
| 5:52 | Scout Tower |
| 5:55 | Periapt of Vitality |
| 6:29 | Guard Tower |
| 6:33 | Guard Tower |
| 6:39 | Guard Tower |
| 6:40 | Scout Tower |
| 6:44 | Guard Tower |
| 6:48 | Scout Tower |
| 6:50 | Guard Tower |
| 6:52 | Scout Tower |
| 6:53 | Scout Tower |
| 7:01 | Arcane Vault |
| 7:04 | Arcane Vault |
| 7:08 | Guard Tower |
| 7:09 | Scout Tower |
| 7:17 | Guard Tower |
| 7:19 | Guard Tower |
| 7:24 | Scout Tower |
| 7:25 | Scout Tower |
| 7:33 | Scout Tower |
| 7:34 | Scout Tower |
| 7:34 | Scout Tower |
| 7:37 | Guard Tower |
| 7:42 | Scout Tower |
| 7:44 | Scout Tower |
| 7:59 | Staff of Teleportation |
| 7:59 | Boots of Speed |
| 8:34 | Guard Tower |
| 8:41 | Castle |
| 8:49 | Guard Tower |
| 8:54 | Summon Water Elemental |
| 9:05 | Guard Tower |
| 9:08 | Scout Tower |
| 9:09 | Scout Tower |
| 9:14 | Arcane Vault |
| 9:16 | Storm Bolt |
| 9:45 | Arcane Sanctum |
| 9:46 | Advanced Masonry |
| 9:47 | Improved Lumber Harvesting |
| 10:09 | Guard Tower |
| 10:10 | Guard Tower |
| 10:11 | Scout Tower |
| 10:12 | Scout Tower |
| 10:17 | Guard Tower |
| 10:21 | Scout Tower |
| 10:21 | Scout Tower |
| 10:22 | Scout Tower |
| 10:22 | Scout Tower |
| 10:26 | Scout Tower |
| 10:26 | Scout Tower |
| 10:27 | Scout Tower |
| 10:33 | Scout Tower |
| 10:34 | Scout Tower |
| 10:34 | Scout Tower |
| 10:35 | Scout Tower |
| 10:41 | Healing Salve |
| 10:56 | Farm |
| 11:18 | Guard Tower |
| 11:20 | Scout Tower |
| 11:20 | Scout Tower |
| 11:23 | Scout Tower |
| 11:23 | Scout Tower |
| 11:25 | Scout Tower |
| 11:37 | Peasant |
| 11:50 | Guard Tower |
| 11:57 | Staff of Sanctuary |
| 11:59 | Staff of Sanctuary |
| 12:04 | Orb of Lightning |
| 12:10 | Holy Light |
| 12:13 | Staff of Sanctuary |
| 12:20 | Guard Tower |
| 13:04 | Guard Tower |
| 13:06 | Scout Tower |
| 13:10 | Guard Tower |
| 13:29 | Scout Tower |
| 13:30 | Scout Tower |
| 13:35 | Guard Tower |
| 13:52 | Staff of Teleportation |
| 13:52 | Boots of Speed |
| 13:53 | Tome of Retraining |
| 13:53 | Retrain Hero |
| 14:02 | Blizzard |
| 14:02 | Blizzard |
| 14:03 | Brilliance Aura |
| 14:10 | Imbued Masonry |
| 14:10 | Advanced Lumber Harvesting |
| 14:12 | Scout Tower |
| 14:12 | Scout Tower |
| 14:14 | Magic Sentry |
| 14:17 | Guard Tower |
| 14:21 | Scout Tower |
| 14:22 | Scout Tower |
| 14:44 | Arcane Tower |
| 14:46 | Arcane Tower |
| 14:48 | Scout Tower |
| 14:48 | Scout Tower |
| 14:49 | Scout Tower |
| 14:50 | Scout Tower |
| 14:50 | Scout Tower |
| 14:51 | Scout Tower |
| 14:52 | Scout Tower |
| 14:53 | Scout Tower |
| 14:59 | Guard Tower |
| 15:05 | Blacksmith |
| 15:08 | Gryphon Aviary |
| 15:10 | Barracks |
| 15:31 | Priest |
| 15:32 | Priest Adept Training |
| 15:45 | Guard Tower |
| 16:02 | Orb of Lightning |
| 17:31 | Arcane Tower |
| 17:39 | Town Hall |
| 17:42 | Scout Tower |
| 17:43 | Scout Tower |
| 17:43 | Scout Tower |
| 17:44 | Scout Tower |
| 17:52 | Scout Tower |
| 17:52 | Scout Tower |
| 17:53 | Scout Tower |
| 17:53 | Scout Tower |
| 17:54 | Scout Tower |
| 17:56 | Scout Tower |
| 17:56 | Scout Tower |
| 17:57 | Scout Tower |
| 17:58 | Scout Tower |
| 17:59 | Scout Tower |
| 18:00 | Scout Tower |
| 18:01 | Scout Tower |
| 18:02 | Scout Tower |
| 18:03 | Scout Tower |
| 18:06 | Studded Leather Armor |
| 18:07 | Animal War Training |
| 18:10 | Dragonhawk Rider |
| 18:10 | Dragonhawk Rider |
| 18:10 | Dragonhawk Rider |
| 18:23 | Arcane Tower |
| 18:27 | Scout Tower |
| 18:30 | Scout Tower |
| 18:30 | Scout Tower |
| 18:31 | Scout Tower |
| 18:33 | Scout Tower |
| 18:34 | Scout Tower |
| 18:35 | Scout Tower |
| 18:35 | Scout Tower |
| 18:40 | Guard Tower |
| 18:50 | Guard Tower |
| 18:51 | Guard Tower |
| 18:53 | Guard Tower |
| 18:55 | Guard Tower |
| 19:34 | Guard Tower |
| 19:54 | Guard Tower |
| 20:03 | Divine Shield |
| 20:04 | Scout Tower |
| 20:05 | Scout Tower |
| 20:06 | Scout Tower |
| 20:10 | Scout Tower |
| 20:11 | Scout Tower |
| 20:13 | Scout Tower |
| 20:14 | Scout Tower |
| 20:15 | Scout Tower |
| 20:15 | Scout Tower |
| 20:31 | Bash |
| 21:07 | Guard Tower |
| 21:22 | Staff of Teleportation |
| 22:16 | Brilliance Aura |
| 22:21 | Scout Tower |
| 22:22 | Scout Tower |
| 22:22 | Scout Tower |
| 22:23 | Scout Tower |
| 22:24 | Scout Tower |
| 22:48 | Scout Tower |
| 22:49 | Scout Tower |
| 22:49 | Scout Tower |
| 22:51 | Scout Tower |
| 22:52 | Scout Tower |
| 22:52 | Scout Tower |
| 22:53 | Scout Tower |
| 22:54 | Scout Tower |
| 22:54 | Scout Tower |
| 23:00 | Orb of Lightning |
| 23:12 | Guard Tower |
| 23:22 | Guard Tower |
| 23:25 | Periapt of Vitality |
| 23:41 | Guard Tower |
| 24:28 | Guard Tower |
| 24:51 | Storm Bolt |
| 25:02 | Scout Tower |
| 25:02 | Scout Tower |
| 25:03 | Scout Tower |
| 25:07 | Scout Tower |
| 25:08 | Scout Tower |
| 25:09 | Scout Tower |
| 25:10 | Scout Tower |
| 25:16 | Scout Tower |
| 25:17 | Scout Tower |
| 25:17 | Scout Tower |
| 25:17 | Scout Tower |
| 25:48 | Guard Tower |
| 26:05 | Holy Light |
| 26:26 | Guard Tower |
| 26:30 | Scout Tower |
| 26:31 | Scout Tower |
| 26:38 | Guard Tower |
| 26:58 | Guard Tower |
| 27:45 | Guard Tower |
| 28:54 | Reinforced Leather Armor |
| 32:15 | Scout Tower |
| 32:16 | Scout Tower |
| 32:17 | Scout Tower |
| 32:17 | Scout Tower |
| 32:49 | Town Hall |
| 32:59 | Scout Tower |
| 32:59 | Scout Tower |
| 33:00 | Scout Tower |
| 33:00 | Scout Tower |
| 33:01 | Scout Tower |
| 33:02 | Scout Tower |
| 33:02 | Scout Tower |
| 33:03 | Scout Tower |
| 33:03 | Scout Tower |
| 33:04 | Scout Tower |
| 33:04 | Scout Tower |
| 33:05 | Scout Tower |
| 33:33 | Brilliance Aura |
| 33:49 | Guard Tower |
| 34:30 | Guard Tower |
| 34:32 | Scout Tower |
| 34:32 | Scout Tower |
| 34:33 | Scout Tower |
| 34:34 | Scout Tower |
| 34:34 | Scout Tower |
| 34:35 | Scout Tower |
| 34:35 | Scout Tower |
| 34:36 | Scout Tower |
| 34:37 | Scout Tower |
| 34:37 | Scout Tower |
| 34:38 | Scout Tower |
| 34:38 | Scout Tower |
| 34:40 | Scout Tower |
| 34:41 | Scout Tower |
| 34:41 | Scout Tower |
| 34:43 | Scout Tower |
| 34:51 | Devotion Aura |
| 34:52 | Bash |
| 35:18 | Guard Tower |
| 35:50 | Dragonhawk Rider |
| 35:51 | Dragonhawk Rider |
| 35:51 | Cloud |
| 35:53 | Dragonhide Armor |
| 36:07 | Guard Tower |
| 36:12 | Scout Tower |
| 36:13 | Scout Tower |
| 36:14 | Scout Tower |
| 36:14 | Scout Tower |
| 36:33 | Guard Tower |
| 36:36 | Scout Tower |
| 36:37 | Scout Tower |
| 36:39 | Guard Tower |
| 36:43 | Circlet of Nobility |
| 36:54 | Guard Tower |
| 36:57 | Scout Tower |
| 36:59 | Scout Tower |
| 36:59 | Scout Tower |
| 37:02 | Scout Tower |
| 37:03 | Scout Tower |
| 37:04 | Scout Tower |
| 37:04 | Scout Tower |
| 37:05 | Scout Tower |
| 37:06 | Scout Tower |
| 37:08 | Scout Tower |
| 37:09 | Scout Tower |
| 37:10 | Scout Tower |
| 37:12 | Guard Tower |
| 37:15 | Scout Tower |
| 37:16 | Scout Tower |
| 37:23 | Guard Tower |
| 37:24 | Scout Tower |
| 37:25 | Scout Tower |
| 37:26 | Scout Tower |
| 37:26 | Scout Tower |
| 37:27 | Scout Tower |
| 37:28 | Scout Tower |
| 37:32 | Guard Tower |
| 37:36 | Guard Tower |
| 38:08 | Guard Tower |
| 39:04 | Guard Tower |
| 39:11 | Scout Tower |
| 39:12 | Scout Tower |
| 39:13 | Scout Tower |
| 39:13 | Scout Tower |
| 39:14 | Scout Tower |
| 39:15 | Scout Tower |
| 39:16 | Scout Tower |
| 39:16 | Scout Tower |
| 39:16 | Scout Tower |
| 39:17 | Scout Tower |
| 39:18 | Scout Tower |
| 39:19 | Scout Tower |
| 39:20 | Guard Tower |
| 39:22 | Scout Tower |
| 39:23 | Scout Tower |
| 39:23 | Scout Tower |
| 39:24 | Scout Tower |
| 39:24 | Scout Tower |
| 39:25 | Scout Tower |
| 39:25 | Scout Tower |
| 39:26 | Scout Tower |
| 40:43 | Guard Tower |
| 41:16 | Guard Tower |
| 42:24 | Blizzard |
| 43:42 | Guard Tower |
| 44:35 | Guard Tower |
| 44:37 | Scout Tower |
| 44:37 | Scout Tower |
| 44:38 | Scout Tower |
| 44:39 | Scout Tower |
| 45:47 | Holy Light |
| 45:55 | Storm Bolt |
| 46:43 | Guard Tower |
| 49:15 | Mass Teleport |
| Right click | 3999 |
| Select group | 3543 |
| Chat | 496 |
| Select | 486 |
| Use ability | 260 |
| Build/train/purchase | 246 |
| Misc. action | 155 |
| Resource trade | 39 |
| Minimap ping | 20 |
| Assign group | 17 |
| Item give/drop | 9 |
| Esc | 1 |
BEARAND
(51:23) : 


x1)
| Staff of Sanctuary | 3 | 750 |
| Staff of Teleportation | 3 | 450 |
| Boots of Speed | 3 | 750 |
| Tome of Retraining | 1 | 300 |
| Periapt of Vitality | 1 | 325 |
| Healing Salve | 1 | 100 |
| Orb of Lightning | 2 | 750 |
| total: | 14 | 3425g |
| Peasant | 25 | 1875 | / | 0 |
| Priest | 3 | 405 | / | 30 |
| Dragonhawk Rider | 10 | 2000 | / | 300 |
| total: | 38 | 4280g | / | 330w |
| Scout Tower | 149 | 4470 | / | 2980 |
| Arcane Tower | 5 | 350 | / | 250 |
| Guard Tower | 62 | 4340 | / | 3100 |
| Altar of Kings | 1 | 180 | / | 50 |
| Farm | 5 | 400 | / | 100 |
| Lumber Mill | 1 | 120 | / | 0 |
| Town Hall | 5 | 1925 | / | 1025 |
| Arcane Vault | 1 | 130 | / | 30 |
| Barracks | 1 | 160 | / | 60 |
| Blacksmith | 1 | 140 | / | 60 |
| Arcane Sanctum | 1 | 150 | / | 140 |
| Gryphon Aviary | 1 | 140 | / | 150 |
| Keep | 1 | 320 | / | 210 |
| Castle | 2 | 720 | / | 420 |
| total: | 166 | 7815g | / | 4595w |
| 0:03 | Peasant |
| 0:05 | Peasant |
| 0:05 | Peasant |
| 0:11 | Altar of Kings |
| 0:20 | Farm |
| 0:24 | Peasant |
| 0:37 | Peasant |
| 0:53 | Peasant |
| 0:57 | Farm |
| 1:08 | Peasant |
| 1:20 | Scout Tower |
| 1:22 | Peasant |
| 1:23 | Lumber Mill |
| 1:34 | Scout Tower |
| 1:43 | Scout Tower |
| 1:46 | Scout Tower |
| 1:48 | Peasant |
| 1:50 | Arcane Tower |
| 2:02 | Peasant |
| 2:03 | Peasant |
| 2:10 | Summon Water Elemental |
| 2:13 | Guard Tower |
| 2:13 | Guard Tower |
| 2:18 | Scout Tower |
| 2:20 | Scout Tower |
| 2:23 | Scout Tower |
| 2:41 | Scout Tower |
| 2:42 | Scout Tower |
| 3:13 | Guard Tower |
| 3:15 | Scout Tower |
| 3:16 | Scout Tower |
| 3:17 | Guard Tower |
| 3:28 | Peasant |
| 3:28 | Peasant |
| 3:33 | Scout Tower |
| 3:48 | Guard Tower |
| 3:58 | Staff of Teleportation |
| 3:58 | Boots of Speed |
| 4:09 | Guard Tower |
| 4:11 | Guard Tower |
| 4:46 | Keep |
| 4:51 | Improved Masonry |
| 4:54 | Farm |
| 4:54 | Farm |
| 4:58 | Scout Tower |
| 4:59 | Scout Tower |
| 5:39 | Town Hall |
| 5:44 | Scout Tower |
| 5:44 | Scout Tower |
| 5:51 | Scout Tower |
| 5:51 | Scout Tower |
| 5:52 | Scout Tower |
| 5:53 | Scout Tower |
| 5:53 | Scout Tower |
| 5:54 | Scout Tower |
| 5:55 | Scout Tower |
| 6:14 | Guard Tower |
| 6:20 | Healing Salve |
| 6:23 | Guard Tower |
| 6:36 | Scout Tower |
| 6:37 | Scout Tower |
| 6:37 | Scout Tower |
| 6:37 | Scout Tower |
| 6:42 | Guard Tower |
| 6:47 | Guard Tower |
| 6:50 | Guard Tower |
| 6:54 | Guard Tower |
| 7:09 | Guard Tower |
| 7:14 | Scout Tower |
| 7:14 | Scout Tower |
| 7:15 | Scout Tower |
| 7:25 | Guard Tower |
| 7:25 | Guard Tower |
| 7:31 | Guard Tower |
| 8:10 | Guard Tower |
| 8:18 | Peasant |
| 8:26 | Scout Tower |
| 8:27 | Scout Tower |
| 8:39 | Scout Tower |
| 8:47 | Scout Tower |
| 8:51 | Scout Tower |
| 8:53 | Guard Tower |
| 9:00 | Advanced Masonry |
| 9:04 | Peasant |
| 9:05 | Peasant |
| 9:14 | Brilliance Aura |
| 9:22 | Guard Tower |
| 9:23 | Guard Tower |
| 9:26 | Peasant |
| 9:27 | Peasant |
| 9:27 | Peasant |
| 9:41 | Storm Bolt |
| 9:55 | Guard Tower |
| 9:56 | Scout Tower |
| 9:57 | Scout Tower |
| 10:08 | Improved Lumber Harvesting |
| 10:12 | Arcane Sanctum |
| 10:14 | Peasant |
| 10:15 | Peasant |
| 10:22 | Scout Tower |
| 10:37 | Tome of Retraining |
| 10:37 | Retrain Hero |
| 10:38 | Boots of Speed |
| 10:38 | Staff of Teleportation |
| 10:50 | Guard Tower |
| 10:55 | Scout Tower |
| 10:56 | Scout Tower |
| 10:58 | Scout Tower |
| 10:58 | Scout Tower |
| 11:11 | Blizzard |
| 11:11 | Brilliance Aura |
| 11:17 | Castle |
| 11:23 | Scout Tower |
| 11:43 | Guard Tower |
| 11:46 | Guard Tower |
| 11:57 | Peasant |
| 11:57 | Peasant |
| 11:57 | Peasant |
| 11:57 | Peasant |
| 12:28 | Guard Tower |
| 12:29 | Guard Tower |
| 12:34 | Scout Tower |
| 12:34 | Scout Tower |
| 12:50 | Bash |
| 13:02 | Guard Tower |
| 13:03 | Arcane Vault |
| 13:08 | Scout Tower |
| 13:09 | Scout Tower |
| 13:10 | Scout Tower |
| 13:11 | Scout Tower |
| 13:13 | Scout Tower |
| 13:14 | Scout Tower |
| 13:29 | Magic Sentry |
| 13:29 | Priest |
| 13:31 | Priest Adept Training |
| 13:33 | Guard Tower |
| 13:55 | Orb of Lightning |
| 14:10 | Staff of Sanctuary |
| 14:22 | Staff of Sanctuary |
| 14:32 | Guard Tower |
| 14:33 | Scout Tower |
| 14:34 | Scout Tower |
| 14:34 | Scout Tower |
| 14:35 | Scout Tower |
| 14:35 | Scout Tower |
| 14:36 | Scout Tower |
| 14:36 | Scout Tower |
| 14:37 | Scout Tower |
| 14:38 | Holy Light |
| 14:48 | Orb of Lightning |
| 14:55 | Staff of Sanctuary |
| 15:22 | Boots of Speed |
| 15:25 | Periapt of Vitality |
| 15:54 | Staff of Teleportation |
| 16:44 | Gryphon Aviary |
| 16:45 | Barracks |
| 17:46 | Scout Tower |
| 17:47 | Scout Tower |
| 17:47 | Scout Tower |
| 17:48 | Scout Tower |
| 17:48 | Scout Tower |
| 17:49 | Scout Tower |
| 17:50 | Scout Tower |
| 17:50 | Scout Tower |
| 17:51 | Guard Tower |
| 18:52 | Guard Tower |
| 19:10 | Blacksmith |
| 19:16 | Farm |
| 20:31 | Dragonhawk Rider |
| 20:43 | Scout Tower |
| 20:46 | Scout Tower |
| 20:48 | Scout Tower |
| 20:48 | Scout Tower |
| 20:49 | Scout Tower |
| 20:49 | Scout Tower |
| 20:49 | Scout Tower |
| 20:50 | Scout Tower |
| 20:51 | Scout Tower |
| 20:52 | Scout Tower |
| 20:52 | Scout Tower |
| 20:52 | Scout Tower |
| 20:53 | Scout Tower |
| 20:53 | Scout Tower |
| 20:54 | Scout Tower |
| 20:54 | Scout Tower |
| 21:10 | Dragonhawk Rider |
| 21:11 | Animal War Training |
| 21:11 | Studded Leather Armor |
| 21:20 | Dragonhawk Rider |
| 23:05 | Arcane Tower |
| 23:05 | Guard Tower |
| 23:29 | Priest |
| 24:18 | Blizzard |
| 24:53 | Divine Shield |
| 25:09 | Priest |
| 25:14 | Dragonhawk Rider |
| 25:16 | Reinforced Leather Armor |
| 25:19 | Iron Forged Swords |
| 25:21 | Dragonhawk Rider |
| 26:49 | Storm Bolt |
| 28:57 | Scout Tower |
| 28:57 | Scout Tower |
| 28:57 | Scout Tower |
| 28:59 | Scout Tower |
| 28:59 | Scout Tower |
| 29:00 | Scout Tower |
| 29:00 | Scout Tower |
| 29:16 | Scout Tower |
| 29:16 | Scout Tower |
| 29:18 | Scout Tower |
| 29:18 | Scout Tower |
| 29:19 | Scout Tower |
| 29:19 | Scout Tower |
| 29:43 | Scout Tower |
| 29:44 | Scout Tower |
| 29:45 | Scout Tower |
| 29:45 | Scout Tower |
| 29:46 | Scout Tower |
| 29:46 | Scout Tower |
| 29:47 | Scout Tower |
| 29:47 | Scout Tower |
| 29:52 | Guard Tower |
| 29:58 | Arcane Tower |
| 29:59 | Guard Tower |
| 30:17 | Guard Tower |
| 31:13 | Brilliance Aura |
| 31:14 | Holy Light |
| 31:40 | Dragonhawk Rider |
| 31:41 | Dragonhawk Rider |
| 31:41 | Dragonhawk Rider |
| 31:41 | Dragonhawk Rider |
| 31:41 | Dragonhawk Rider |
| 33:03 | Scout Tower |
| 33:03 | Scout Tower |
| 33:04 | Scout Tower |
| 33:04 | Scout Tower |
| 33:22 | Scout Tower |
| 33:23 | Scout Tower |
| 33:23 | Scout Tower |
| 33:23 | Scout Tower |
| 33:24 | Scout Tower |
| 33:49 | Guard Tower |
| 34:06 | Guard Tower |
| 34:47 | Bash |
| 35:17 | Guard Tower |
| 35:28 | Scout Tower |
| 35:29 | Scout Tower |
| 35:29 | Scout Tower |
| 35:29 | Scout Tower |
| 35:30 | Scout Tower |
| 35:30 | Scout Tower |
| 35:31 | Scout Tower |
| 35:31 | Scout Tower |
| 35:32 | Scout Tower |
| 35:32 | Scout Tower |
| 35:44 | Town Hall |
| 35:51 | Arcane Tower |
| 36:35 | Guard Tower |
| 36:36 | Guard Tower |
| 36:40 | Scout Tower |
| 36:40 | Scout Tower |
| 36:41 | Scout Tower |
| 36:41 | Scout Tower |
| 36:42 | Scout Tower |
| 36:43 | Scout Tower |
| 36:45 | Scout Tower |
| 36:45 | Scout Tower |
| 37:11 | Guard Tower |
| 37:40 | Guard Tower |
| 39:13 | Guard Tower |
| 40:46 | Guard Tower |
| 40:49 | Scout Tower |
| 40:50 | Scout Tower |
| 40:50 | Scout Tower |
| 40:51 | Scout Tower |
| 40:52 | Scout Tower |
| 40:52 | Scout Tower |
| 40:54 | Scout Tower |
| 40:54 | Scout Tower |
| 40:55 | Scout Tower |
| 40:56 | Scout Tower |
| 40:56 | Scout Tower |
| 40:57 | Scout Tower |
| 40:57 | Scout Tower |
| 40:58 | Scout Tower |
| 40:58 | Scout Tower |
| 40:59 | Scout Tower |
| 40:59 | Scout Tower |
| 41:00 | Scout Tower |
| 42:39 | Divine Shield |
| 44:11 | Guard Tower |
| 45:23 | Blizzard |
| 46:05 | Storm Bolt |
| 48:32 | Guard Tower |
| 49:31 | Town Hall |
| 49:34 | Town Hall |
| 49:37 | Town Hall |
| Right click | 4886 |
| Select | 1351 |
| Select group | 961 |
| Chat | 572 |
| Build/train/purchase | 389 |
| Use ability | 239 |
| Resource trade | 47 |
| Minimap ping | 37 |
| Misc. action | 31 |
| Assign group | 27 |
| Item give/drop | 6 |
| Remove unit | 2 |
186 units @ 32.6k
/ 7.2k
78 buildings @ 10.7k
/ 4.3k


x1)
| Dust of Appearance | 1 | 75 |
| Boots of Speed | 1 | 250 |
| Tome of Retraining | 1 | 300 |
| total: | 3 | 625g |
| Peasant | 14 | 1050 | / | 0 |
| Rifleman | 22 | 4510 | / | 660 |
| Mortar Team | 13 | 2340 | / | 910 |
| Siege Engine | 4 | 780 | / | 240 |
| total: | 53 | 8680g | / | 1810w |
| Scout Tower | 6 | 180 | / | 120 |
| Arcane Tower | 1 | 70 | / | 50 |
| Guard Tower | 2 | 140 | / | 100 |
| Blacksmith | 1 | 140 | / | 60 |
| Altar of Kings | 1 | 180 | / | 50 |
| Farm | 15 | 1200 | / | 300 |
| Barracks | 1 | 160 | / | 60 |
| Arcane Vault | 1 | 130 | / | 30 |
| Lumber Mill | 1 | 120 | / | 0 |
| Town Hall | 1 | 385 | / | 205 |
| Workshop | 2 | 280 | / | 280 |
| Keep | 1 | 320 | / | 210 |
| Castle | 1 | 360 | / | 210 |
| Ziggurat | 4 | 600 | / | 200 |
| Necropolis | 5 | 1125 | / | 0 |
| total: | 38 | 4500g | / | 1305w |
| 0:06 | Peasant |
| 0:06 | Peasant |
| 0:25 | Peasant |
| 0:25 | Peasant |
| 0:54 | Blacksmith |
| 0:59 | Altar of Kings |
| 1:01 | Farm |
| 1:03 | Barracks |
| 1:10 | Peasant |
| 1:11 | Peasant |
| 1:30 | Farm |
| 1:59 | Peasant |
| 1:59 | Peasant |
| 2:06 | Scout Tower |
| 2:24 | Rifleman |
| 2:29 | Rifleman |
| 2:43 | Farm |
| 2:50 | Arcane Tower |
| 3:07 | Summon Water Elemental |
| 3:08 | Rifleman |
| 4:12 | Rifleman |
| 4:12 | Rifleman |
| 4:18 | Boots of Speed |
| 4:21 | Dust of Appearance |
| 4:33 | Farm |
| 4:36 | Black Gunpowder |
| 4:36 | Studded Leather Armor |
| 5:15 | Rifleman |
| 5:24 | Rifleman |
| 5:25 | Keep |
| 5:45 | Brilliance Aura |
| 5:54 | Rifleman |
| 5:58 | Farm |
| 6:04 | Arcane Vault |
| 6:36 | Farm |
| 6:39 | Farm |
| 7:07 | Summon Water Elemental |
| 7:21 | Rifleman |
| 7:21 | Rifleman |
| 8:19 | Long Rifles |
| 8:21 | Refined Gunpowder |
| 8:22 | Reinforced Leather Armor |
| 9:07 | Workshop |
| 9:14 | Lumber Mill |
| 9:19 | Storm Bolt |
| 10:10 | Workshop |
| 10:12 | Mortar Team |
| 10:12 | Mortar Team |
| 10:38 | Improved Lumber Harvesting |
| 10:40 | Peasant |
| 10:40 | Peasant |
| 10:44 | Farm |
| 10:44 | Farm |
| 11:10 | Farm |
| 11:32 | Mortar Team |
| 11:32 | Mortar Team |
| 11:44 | Brilliance Aura |
| 12:00 | Mortar Team |
| 12:00 | Mortar Team |
| 12:01 | Flare |
| 12:29 | Mortar Team |
| 13:34 | Castle |
| 14:46 | Town Hall |
| 16:25 | Imbued Gunpowder |
| 16:25 | Dragonhide Armor |
| 16:26 | Fragmentation Shards |
| 16:28 | Advanced Lumber Harvesting |
| 16:28 | Improved Masonry |
| 17:29 | Scout Tower |
| 17:30 | Scout Tower |
| 17:30 | Scout Tower |
| 17:31 | Scout Tower |
| 17:31 | Scout Tower |
| 17:36 | Mortar Team |
| 19:10 | Mortar Team |
| 19:12 | Rifleman |
| 19:12 | Rifleman |
| 19:20 | Guard Tower |
| 19:25 | Peasant |
| 20:24 | Guard Tower |
| 20:26 | Peasant |
| 20:26 | Peasant |
| 20:35 | Advanced Masonry |
| 21:52 | Bash |
| 23:21 | Siege Engine |
| 23:22 | Siege Engine |
| 23:22 | Siege Engine |
| 23:22 | Siege Engine |
| 25:07 | Mortar Team |
| 25:07 | Mortar Team |
| 25:07 | Mortar Team |
| 25:45 | Tome of Retraining |
| 25:45 | Retrain Hero |
| 25:50 | Blizzard |
| 25:50 | Brilliance Aura |
| 29:58 | Mortar Team |
| 31:06 | Blizzard |
| 32:07 | Rifleman |
| 32:08 | Rifleman |
| 32:40 | Rifleman |
| 34:25 | Rifleman |
| 34:25 | Rifleman |
| 34:25 | Rifleman |
| 34:31 | Rifleman |
| 34:31 | Rifleman |
| 34:31 | Rifleman |
| 34:32 | Rifleman |
| 46:37 | Peasant |
| 46:55 | Ziggurat |
| 46:56 | Ziggurat |
| 46:57 | Ziggurat |
| 46:58 | Ziggurat |
| 47:01 | Necropolis |
| 47:05 | Necropolis |
| 47:06 | Necropolis |
| 47:09 | Necropolis |
| 47:10 | Necropolis |
| 48:04 | Farm |
| 48:05 | Farm |
| 48:06 | Farm |
| 48:06 | Farm |
| 48:07 | Farm |
| Right click | 1885 |
| Select | 682 |
| Select group | 605 |
| Chat | 438 |
| Misc. action | 175 |
| Build/train/purchase | 128 |
| Use ability | 97 |
| Assign group | 79 |
| Resource trade | 17 |
| Esc | 11 |
| Minimap ping | 10 |
| Item give/drop | 1 |


| Acolyte | 13 | 975 | / | 0 |
| Ghoul | 4 | 480 | / | 0 |
| Crypt Fiend | 9 | 1935 | / | 360 |
| Frost Wyrm | 15 | 5775 | / | 1800 |
| total: | 41 | 9165g | / | 2160w |
| Spirit Tower | 3 | 435 | / | 120 |
| Ziggurat | 9 | 1350 | / | 450 |
| Altar of Darkness | 1 | 180 | / | 50 |
| Crypt | 1 | 200 | / | 50 |
| Graveyard | 1 | 215 | / | 0 |
| Sacrificial Pit | 1 | 75 | / | 150 |
| Boneyard | 2 | 350 | / | 400 |
| Halls of the Dead | 1 | 320 | / | 210 |
| Black Citadel | 1 | 325 | / | 230 |
| total: | 15 | 2370g | / | 1100w |
| 0:07 | Ziggurat |
| 0:09 | Acolyte |
| 0:09 | Acolyte |
| 0:13 | Altar of Darkness |
| 0:25 | Acolyte |
| 0:54 | Crypt |
| 1:26 | Graveyard |
| 1:35 | Ziggurat |
| 2:02 | Ghoul |
| 2:02 | Ghoul |
| 2:17 | Death Coil |
| 2:49 | Crypt Fiend |
| 2:49 | Crypt Fiend |
| 2:56 | Crypt Fiend |
| 3:07 | Creature Attack |
| 3:48 | Creature Carapace |
| 4:02 | Crypt Fiend |
| 4:05 | Ziggurat |
| 4:34 | Crypt Fiend |
| 5:09 | Halls of the Dead |
| 6:01 | Crypt Fiend |
| 6:09 | Ziggurat |
| 6:13 | Unholy Aura |
| 6:44 | Crypt Fiend |
| 7:38 | Web |
| 7:40 | Improved Creature Attack |
| 7:43 | Death Coil |
| 8:12 | Crypt Fiend |
| 8:16 | Ziggurat |
| 8:17 | Ziggurat |
| 9:05 | Black Citadel |
| 9:07 | Ghoul |
| 9:07 | Ghoul |
| 9:29 | Vampiric Aura |
| 9:37 | Spirit Tower |
| 10:26 | Sacrificial Pit |
| 11:00 | Spirit Tower |
| 11:02 | Crypt Fiend |
| 11:48 | Advanced Creature Attack |
| 11:50 | Improved Creature Carapace |
| 12:18 | Spirit Tower |
| 13:34 | Boneyard |
| 13:37 | Boneyard |
| 13:41 | Acolyte |
| 13:41 | Acolyte |
| 13:41 | Acolyte |
| 13:41 | Acolyte |
| 13:43 | Acolyte |
| 14:36 | Ziggurat |
| 14:38 | Ziggurat |
| 14:38 | Ziggurat |
| 15:33 | Frost Wyrm |
| 15:34 | Frost Wyrm |
| 15:56 | Advanced Creature Carapace |
| 16:33 | Frost Wyrm |
| 16:45 | Frost Wyrm |
| 17:47 | Frost Wyrm |
| 18:07 | Acolyte |
| 18:08 | Acolyte |
| 18:39 | Acolyte |
| 19:02 | Freezing Breath |
| 20:50 | Frost Wyrm |
| 21:24 | Acolyte |
| 21:24 | Acolyte |
| 24:38 | Carrion Swarm |
| 25:15 | Frost Wyrm |
| 25:15 | Frost Wyrm |
| 25:19 | Frost Wyrm |
| 25:53 | Frost Wyrm |
| 25:53 | Frost Wyrm |
| 27:43 | Frost Wyrm |
| 27:44 | Frost Wyrm |
| 28:59 | Frost Wyrm |
| 31:51 | Frost Wyrm |
| Right click | 1545 |
| Select group | 614 |
| Select | 382 |
| Misc. action | 74 |
| Build/train/purchase | 61 |
| Assign group | 33 |
| Chat | 28 |
| Use ability | 20 |
| Minimap ping | 5 |
| Remove unit | 1 |


| Peasant | 20 | 1500 | / | 0 |
| Footman | 7 | 945 | / | 0 |
| Gryphon Rider | 22 | 6160 | / | 1540 |
| Knight | 13 | 3185 | / | 780 |
| Flying Machine | 30 | 3000 | / | 900 |
| total: | 92 | 14790g | / | 3220w |
| Altar of Kings | 1 | 180 | / | 50 |
| Barracks | 2 | 320 | / | 120 |
| Farm | 12 | 960 | / | 240 |
| Lumber Mill | 1 | 120 | / | 0 |
| Town Hall | 4 | 1540 | / | 820 |
| Blacksmith | 1 | 140 | / | 60 |
| Gryphon Aviary | 2 | 280 | / | 300 |
| Workshop | 2 | 280 | / | 280 |
| Keep | 1 | 320 | / | 210 |
| Castle | 1 | 360 | / | 210 |
| total: | 25 | 3820g | / | 1870w |
| 0:03 | Peasant |
| 0:03 | Peasant |
| 0:03 | Peasant |
| 0:07 | Altar of Kings |
| 0:10 | Peasant |
| 0:30 | Barracks |
| 0:37 | Farm |
| 1:03 | Peasant |
| 1:17 | Farm |
| 1:26 | Peasant |
| 1:27 | Peasant |
| 1:33 | Footman |
| 1:33 | Footman |
| 1:53 | Farm |
| 2:02 | Peasant |
| 2:02 | Peasant |
| 2:08 | Footman |
| 2:17 | Storm Bolt |
| 2:22 | Footman |
| 2:34 | Farm |
| 3:03 | Footman |
| 3:06 | Keep |
| 3:26 | Footman |
| 4:11 | Footman |
| 4:43 | Farm |
| 5:20 | Lumber Mill |
| 5:33 | Castle |
| 6:11 | Thunder Clap |
| 6:29 | Gryphon Aviary |
| 6:33 | Gryphon Aviary |
| 6:41 | Holy Light |
| 7:12 | Farm |
| 8:12 | Gryphon Rider |
| 8:12 | Gryphon Rider |
| 8:19 | Farm |
| 8:21 | Gryphon Rider |
| 8:22 | Gryphon Rider |
| 8:53 | Gryphon Rider |
| 8:54 | Gryphon Rider |
| 8:59 | Farm |
| 9:01 | Storm Bolt |
| 9:17 | Gryphon Rider |
| 9:21 | Divine Shield |
| 9:35 | Storm Hammers |
| 9:43 | Town Hall |
| 10:17 | Gryphon Rider |
| 10:18 | Gryphon Rider |
| 10:18 | Gryphon Rider |
| 10:35 | Peasant |
| 10:35 | Peasant |
| 10:35 | Peasant |
| 10:54 | Gryphon Rider |
| 11:09 | Farm |
| 11:26 | Peasant |
| 11:48 | Gryphon Rider |
| 11:51 | Farm |
| 13:17 | Peasant |
| 13:17 | Peasant |
| 13:23 | Barracks |
| 13:26 | Peasant |
| 13:39 | Blacksmith |
| 14:17 | Farm |
| 14:24 | Gryphon Rider |
| 14:24 | Gryphon Rider |
| 14:24 | Gryphon Rider |
| 14:24 | Gryphon Rider |
| 14:54 | Knight |
| 14:54 | Knight |
| 14:55 | Knight |
| 14:55 | Knight |
| 14:59 | Farm |
| 16:00 | Gryphon Rider |
| 16:01 | Gryphon Rider |
| 16:03 | Knight |
| 16:04 | Sundering Blades |
| 16:05 | Knight |
| 17:19 | Gryphon Rider |
| 17:20 | Gryphon Rider |
| 17:35 | Holy Light |
| 17:40 | Knight |
| 17:41 | Knight |
| 18:21 | Gryphon Rider |
| 19:21 | Gryphon Rider |
| 19:59 | Thunder Clap |
| 22:50 | Town Hall |
| 23:13 | Workshop |
| 23:19 | Workshop |
| 24:35 | Flak Cannons |
| 24:35 | Flying Machine Bombs |
| 24:38 | Flying Machine |
| 24:38 | Flying Machine |
| 24:39 | Flying Machine |
| 24:39 | Flying Machine |
| 24:39 | Flying Machine |
| 24:39 | Flying Machine |
| 24:39 | Flying Machine |
| 24:39 | Flying Machine |
| 26:00 | Flying Machine |
| 26:00 | Flying Machine |
| 26:00 | Flying Machine |
| 26:01 | Flying Machine |
| 26:01 | Flying Machine |
| 26:01 | Flying Machine |
| 26:02 | Flying Machine |
| 26:03 | Flying Machine |
| 26:04 | Flying Machine |
| 26:04 | Flying Machine |
| 26:35 | Town Hall |
| 29:58 | Flying Machine |
| 29:59 | Flying Machine |
| 30:07 | Flying Machine |
| 30:18 | Flying Machine |
| 30:33 | Flying Machine |
| 30:46 | Flying Machine |
| 32:27 | Flying Machine |
| 32:27 | Flying Machine |
| 32:28 | Flying Machine |
| 32:28 | Flying Machine |
| 32:33 | Knight |
| 33:49 | Flying Machine |
| 33:50 | Flying Machine |
| 35:58 | Town Hall |
| 36:20 | Divine Shield |
| 40:40 | Knight |
| 40:40 | Knight |
| 40:40 | Knight |
| 40:40 | Knight |
| 40:56 | Peasant |
| 40:56 | Peasant |
| 40:57 | Peasant |
| 40:57 | Peasant |
| Right click | 1491 |
| Select group | 1262 |
| Select | 344 |
| Build/train/purchase | 140 |
| Assign group | 60 |
| Use ability | 47 |
| Remove unit | 13 |
| Minimap ping | 5 |
| Item give/drop | 1 |
| Esc | 1 |
⇛